 Dungeon Crawl Stone Soup version 0.22-a0-407-gb098539 (webtiles) character file.

15 CanOfBees the Ducker (level 2, 0/22 HPs)
             Began as a Demonspawn Gladiator on May 9, 2018.
             Slain by a kobold (2 damage)
             ... on level 1 of the Dungeon.
             The game lasted 00:00:37 (156 turns).

CanOfBees the Ducker (Demonspawn Gladiator)          Turns: 156, Time: 00:00:38

Health: 0/22       AC:  4    Str: 14    XL:     2   Next: 34%
Magic:  2/2        EV: 13    Int:  9    God:
Gold:   28         SH:  0    Dex: 14    Spells: 1/1 levels left

rFire    . . .     SeeInvis .   a - +0 long sword
rCold    . . .     Gourm    .   (no shield)
rNeg     . . .     Faith    .   b - +0 leather armour
rPois    .         Spirit   .   c - +0 helmet
rElec    .         Reflect  .   (no cloak)
rCorr    .         Harm     .   (no gloves)
MR       .....                  (no boots)
Stlth    +.........             (no amulet)
HPRegen  0.07/turn              (no ring)
MPRegen  0.08/turn              (no ring)

@: no status effects
A: rot immunity
a: no special abilities


You were on level 1 of the Dungeon.
You were not hungry.

You visited 1 branch of the dungeon, and saw 1 of its levels.

You collected 28 gold pieces.

Inventory:

Hand Weapons
 a - a +0 long sword (weapon)
Missiles
 d - 3 throwing nets (quivered)
Armour
 b - a +0 leather armour (worn)
 c - a +0 helmet (worn)
Scrolls
 h - a scroll of remove curse {unknown}
Potions
 e - a potion of heal wounds {unknown}
Comestibles
 f - 2 rations
 g - 7 chunks of flesh


   Skills:
 + Level 2.2 Fighting
 + Level 2.9 Long Blades
 - Level 2.0 Throwing
 + Level 2.9 Dodging


You had one spell level left.
You didn't know any spells.

Dungeon Overview and Level Annotations

Branches:
Dungeon (1/15)

Altars:


Innate Abilities, Weirdness & Mutations

You are immune to rotting.


Message History

* * * LOW HITPOINT WARNING * * *
The jackal bites you but does no damage.
The kobold hits you but does no damage.
A rat comes into view.
You closely miss the kobold. The jackal misses you.
The jackal barely misses you.
You riposte.
You slash the jackal!
You kill the jackal!
The frilled lizard bites you but does no damage.
The kobold misses you. The jackal bites you.
* * * LOW HITPOINT WARNING * * *
The frilled lizard closely misses you.
You riposte.
You hit the frilled lizard.
You kill the frilled lizard!
You barely miss the kobold. The jackal bites you.
* * * LOW HITPOINT WARNING * * *
The kobold barely misses you.
The jackal bites you but does no damage.
You closely miss the kobold. The kobold closely misses you.
The jackal bites you but does no damage.
The kobold hits you.
You die...

..# ### ######### #.# #..
........# #.####.####
........# #.........#
........# #.........####
........# #........ #..
.......h####.####.### #..
.....r.K@†....).....# #..
...............##.#.###..
$..............##.#.##...
...............#....##...
######.....#####..####...
+...............)...
#.....#####.........
....... #..####### #.#..


You could see a jackal, a kobold and a rat.

Vanquished Creatures
  A dart slug (D:1)
  3 hobgoblins (D:1)
  3 jackals (D:1)
  2 kobolds (D:1)
  A bat (D:1)
  A frilled lizard (D:1)
  A rat (D:1)
12 creatures vanquished.

Notes
Turn   | Place    | Note
-------+----------+-------------------------------------------
     0 | D:1      | CanOfBees the Demonspawn Gladiator began the quest for the Orb.
     0 | D:1      | Reached XP level 1. HP: 16/16 MP: 1/1
   124 | D:1      | Gained mutation: You are immune to rotting. [demonic ancestry]
   124 | D:1      | Reached XP level 2. HP: 15/22 MP: 2/2
   156 | D:1      | Slain by a kobold

Vault maps used:
D:1:      dpeg_arrival_pits

Skill      XL: |  1 |
---------------+----+-----
Throwing       | 2 |  2.0
Fighting       | |  2.2
Long Blades    | |  2.9
Dodging        | |  2.9

Action                   || total
-------------------------++-------
Melee: Long sword        ||    29
Armor: Leather armour    ||    26
Dodge: Dodged            ||    45
       Rpst.: Long sword ||    10

Table legend:
 A = Spawn XP
 B = Non-spawn XP
 C = Spawn XP percentage of total XP
 D = Spawn monster count
 E = Non-spawn monster count
 F = Spawn count percentage of total count
 G = Total turns spent on level
                    A         B        C        D         E        F      G
               +---------+---------+-------+---------+---------+-------+---------
         Total |       0 |      22 |   0.0 |       0 |      12 |   0.0 |   156
               +---------+---------+-------+---------+---------+-------+---------
           D:1 |       0 |      22 |   0.0 |       0 |      12 |   0.0 |   156
               +---------+---------+-------+---------+---------+-------+---------
